 Dungeon Crawl Stone Soup version 0.14.0-9-g9c5475a (webtiles) character file.

17515 Deemzul the Covert (level 12, -2/85 HPs)
             Began as an Octopode Monk on Apr 14, 2014.
             Was a High Priest of Dithmenos.
             Killed from afar by Harold (11 damage)
             ... with a wand of flame
             ... on Level 3 of the Orcish Mines.
             The game lasted 00:52:13 (20608 turns).

Deemzul the Covert (Octopode Monk)                 Turns: 20608, Time: 00:52:13

HP  -2/85        AC  6     Str 11      XL: 12   Next: 48%
MP  25/25        EV 10     Int 13      God: Dithmenos [*****.]
Gold 64          SH  0     Dex 18      Spells:  1 memorised, 11 levels left

rFire  . . .     SeeInvis +       - Unarmed
rCold  . . .     Clarity  .     (no shield)
rNeg   + . .     Conserve .     (helmet restricted)
rPois  .         rCorr    .     (no amulet)
rElec  .         rRot     .     j - ring of positive energy
SustAb . .       Spirit   .     n - ring of Interdependent Arising {AC+4 Acc+6 Dam+4}
rMut   .         Warding  .     G - ring of see invisible
Saprov . . .     Stasis   .     (no ring)
MR     .....                    (no ring)
                                (no ring)
                                (no ring)
                                (no ring)

@: very slightly contaminated, held, hasted, wreathed by umbra, very quick, not
resistant to hostile enchantments, uncannily stealthy
A: almost no armour, amphibious, 8 rings, constrict 8, camouflage 1, blurry
vision 1, carnivore 1, deformed body, sense surroundings 1, shaggy fur 1,
gelatinous body 1
a: Shadow Step, Shadow Form, Renounce Religion


You were on level 3 of the Orcish Mines.
You worshipped Dithmenos.
Dithmenos was extremely pleased with you.
You were hungry.

You visited 3 branches of the dungeon, and saw 17 of its levels.
You also visited: Sewer.

You collected 1175 gold pieces.
You spent 1111 gold pieces at shops.

Inventory:

Hand weapons
 u - a +1,+2 bow of frost
 K - a +0 blowgun
Missiles
 k - 7 arrows
 A - 25 poisoned needles
 H - a tomahawk of returning (quivered)
 I - 2 silver tomahawks
Magical devices
 c - a wand of draining (0)
 e - a wand of hasting (3)
 w - a wand of cold (0)
 z - a wand of magic darts (11)
 D - a wand of invisibility (0)
 J - a wand of paralysis (7)
Comestibles
 b - 10 bread rations
 g - 4 meat rations
 i - 2 chunks of giant frog flesh
 l - an apple
 r - 7 grapes
Scrolls
 f - 6 scrolls of remove curse
 h - 2 scrolls of random uselessness
 p - 6 scrolls of teleportation
 s - a scroll of fog
 x - 2 scrolls of identify
 B - 3 scrolls of magic mapping
 E - 3 scrolls of recharging
 F - a scroll of enchant armour
Jewellery
 j - a ring of positive energy (left tentacle)
 n - the ring of Interdependent Arising (right tentacle) {AC+4 Acc+6 Dam+4}
   (You bought it in a shop on level 4 of the Dungeon)

   [ring of protection]

   It affects your AC (+4).
   It affects your accuracy with ranged weapons and melee attacks (+6).
   It affects your damage with ranged weapons and melee attacks (+4).
 G - a ring of see invisible (on tentacle)
Potions
 t - 2 potions of brilliance
 v - a potion of magic
 C - a potion of flight
Books
 d - a book of Transfigurations

   Spells                             Type                      Level
   *Stoneskin                         Transmutation/Earth          2
   Ice Form                           Ice/Transmutation            4
   Statue Form                        Transmutation/Earth          6
   Dragon Form                        Transmutation                7
Miscellaneous
 y - a box of beasts {used: 1}


   Skills:
 + Level 9.2 Fighting
 + Level 9.2 Dodging
 + Level 12.1 Stealth
 + Level 9.9 Unarmed Combat
 - Level 1.0 Spellcasting
 + Level 4.8 Transmutations
 - Level 1.1 Earth Magic
 - Level 3.0 Invocations
 + Level 10.0 Evocations


You had 11 spell levels left.
You knew the following spells:

 Your Spells              Type           Power        Failure   Level  Hunger
a - Stoneskin             Trmt/Erth      #.........   14%         2    ###....


Dungeon Overview and Level Annotations

Branches:
Dungeon (13/15)            Temple (1/1) D:4             Orc (3/4) D:10
    Elf (0/3) Orc:3          Lair (0/8) D:9
 Vaults: D:13-14

Altars:
Ashenzari
Cheibriados
Dithmenos
Elyvilon
Fedhas
Kikubaaqudgha
Makhleb
Nemelex Xobeh
Okawaru
Sif Muna
Trog
Vehumet
Xom
Yredelemnul
Zin
The Shining One

Shops:
D:4 =?(%*   D:7 *   D:10 (   Orc:1 %*?

Annotations:
Orc:3 Harold


Innate Abilities, Weirdness & Mutations

You cannot wear most types of armour.
You are amphibious.
You can wear up to eight rings at the same time.
You can use your tentacles to constrict many enemies at once.
Your skin changes colour to match your surroundings (Stlth).
Your rubbery body absorbs attacks (AC +1).
Your vision is a little blurry.
Your digestive system is specialised to digest meat.
Your body is misshapen.
You passively map a small area around you.
You are covered in fur (AC +1).


Message History

Unknown command.
Evoke which item? (* to show all) (? for menu, Esc to quit)
Zapping:
c - a wand of draining {zapped: 6}
Press: ? - help, Shift-Dir - straight line, f - Harold
Aim: Harold, wielding a battleaxe, wearing a ring mail and carrying a wand of flame {zapped: 3} (black smoke, umbra) Nothing appears to happen.
The orc barely misses you. The orc warrior barely misses you.
The orc hits you with a dagger.
* * * LOW HITPOINT WARNING * * *
The orc closely misses you. The orc wizard barely misses you.
The orc barely misses you. The orc hits you but does no damage.
Unknown command.
Evoke which item? (* to show all) (? for menu, Esc to quit)
Okay, then.
Unknown command.
Drink which item? (? for menu, Esc to quit)
You feel better.
The orc wizard hits you with a short sword.
* * * LOW HITPOINT WARNING * * *
Harold zaps a wand.
The puff of flame hits you!
You die...

##. * ,........# *
#.$......# ,
###.#.......##
,,##..........$.##
.........§....##
###.#$#..§§§§§...#
##.#.##...§ooo§§..#
#.<...##..§o@@§...#
###.#.####.§ooo§§...#
##.#....#..#...o..#.##
#.....)#.......#...#
##......#.........##
###>.....#.......#
##........... .#
...........<..#
#....#.$..... *


You could see Harold, an orc warrior, 2 orc wizards and 5 orcs.

Vanquished Creatures
  2 centaur warriors (D:12)
  2 hill giants
  Maurice (D:8)
  A feature mimic (D:11)
  A komodo dragon (D:12)
  A kobold demonologist (D:11)
  2 trolls
  18 yaks
  A wyvern (D:9)
  A spriggan (D:8)
  A trapdoor spider (D:12)
  A shark (D:9)
  3 hippogriffs
  A basilisk (D:11)
  A deep elf mage (D:12)
  The ghost of zkyp the Cudgeler, an experienced NaCK of Xom (Sewer)
  8 ugly things
  Edmund (D:4)
  7 orc warriors
  A mottled dragon (D:13)
  A water moccasin (D:6)
  A necrophage (D:8)
  2 black bears
  12 centaurs
  5 sky beasts
  A manticore zombie (D:9)
  8 ogres
  A phantom (D:9)
  2 porcupines (D:11)
  A giant slug (D:11)
  7 big kobolds
  A crocodile (D:11)
  A wyvern zombie (D:8)
  5 scorpions
  8 giant frogs
  A wight (D:10)
  20 killer bees
  A jelly (D:9)
  A goliath beetle (D:9)
  3 crimson imps
  2 quasits (D:9)
  A two-headed ogre zombie (D:9)
  A centaur skeleton (D:4)
  6 hounds
  9 orc priests
  9 orc wizards
  3 iguanas (D:12)
  14 worker ants
  10 sheep (D:11)
  A wandering mushroom (D:9)
  2 ogre skeletons
  7 gnolls
  18 adders
  3 green rats (D:11)
  2 giant mites
  An inept feature mimic (D:4)
  9 worms
  An adder zombie (D:3)
  An iguana skeleton (D:7)
  6 giant eyeballs
  6 giant geckos
  6 oozes
  87 orcs
  2 giant cockroaches
  16 hobgoblins
  7 quokkas
  4 ball pythons
  17 bats
  A giant gecko zombie (D:5)
  4 giant newts
  12 goblins
  A hobgoblin zombie (D:7)
  6 jackals (D:8)
  45 kobolds
  3 orc skeletons
  13 rats
  23 ballistomycetes
  2 plants (D:5)
498 creatures vanquished.

Vanquished Creatures (collateral kills)
  2 ugly things (D:12)
  2 ice beasts
  An ogre (D:12)
  A giant frog (D:9)
  A scorpion (D:9)
  A crimson imp (D:12)
  An iguana (D:9)
  A big kobold skeleton (D:9)
  2 orcs (D:9)
12 creatures vanquished.

Vanquished Creatures (others)
  A giant frog (D:6)
  A shadow imp (D:11)
  An orc (Orc:3)
  2 giant spores
  A fungus (D:11)
  6 plants (D:11)
12 creatures vanquished.

Grand Total: 522 creatures vanquished

Notes
Turn   | Place    | Note
--------------------------------------------------------------
     0 | D:1      | Deemzul, the Octopode Monk, began the quest for the Orb.
     0 | D:1      | Reached XP level 1. HP: 16/16 MP: 1/1
   160 | D:1      | Reached XP level 2. HP: 10/21 MP: 2/2
   623 | D:2      | Reached XP level 3. HP: 24/26 MP: 3/3
   835 | D:2      | Reached XP level 4. HP: 12/32 MP: 4/4
  1338 | D:2      | Found a blossoming altar of Fedhas.
  1338 | D:2      | Found a sparkling altar of Nemelex Xobeh.
  1339 | D:2      | Found a deep blue altar of Sif Muna.
  1704 | D:3      | Reached skill level 1 in Evocations
  1704 | D:3      | Reached XP level 5. HP: 28/37 MP: 5/5
  1900 | D:3      | Reached skill level 5 in Unarmed Combat
  2230 | D:3      | Reached XP level 6. HP: 40/43 MP: 7/7
  2467 | D:4      | Found a staircase to the Ecumenical Temple.
  2472 | Temple   | Entered the Ecumenical Temple
  2504 | Temple   | Became a worshipper of Dithmenos the Shadowed
  2504 | Temple   | Acquired Dithmenos' first power
  2558 | D:4      | Found Frorearch's Food Boutique.
  2567 | D:4      | Found Shriez's Elemental Accessories.
  2644 | D:4      | Shriez's Elemental Accessories was a mimic.
  2689 | D:4      | Found Ysam's Antique Weapon Shop.
  2692 | D:4      | Found Threfoer's Jewellery Shop.
  2707 | D:4      | Found Feluethu's Magic Scroll Shop.
  2739 | D:4      | Noticed Edmund
  2740 | D:4      | Bought a scroll of identify for 28 gold pieces
  2757 | D:5      | Entered Level 5 of the Dungeon
  2789 | D:4      | Killed Edmund
  2855 | D:4      | Found Dixkamar's General Store.
  2870 | D:4      | Reached XP level 7. HP: 49/49 MP: 9/9
  2888 | D:4      | Bought a potion of haste for 70 gold pieces
  3110 | D:4      | Found a snail-covered altar of Cheibriados.
  3341 | D:5      | Reached skill level 5 in Stealth
  3980 | D:5      | Paralysed by a giant eyeball for 4 turns
  4383 | D:5      | Gained mutation: You passively map a small area around you. [potion of mutation]
  4383 | D:5      | Gained mutation: Your vision is a little blurry. [potion of mutation]
  4383 | D:5      | Gained mutation: You are dopey. (Int -2) [potion of mutation]
  4410 | D:5      | Acquired Dithmenos' second power
  4752 | D:5      | Reached skill level 5 in Dodging
  4762 | D:5      | Reached XP level 8. HP: 40/54 MP: 12/12
  5163 | D:6      | Reached skill level 5 in Fighting
  5163 | D:6      | Reached skill level 6 in Unarmed Combat
  5827 | D:6      | Found a glowing drain.
  5832 | Sewer    | Entered a sewer
  6024 | Sewer    | Noticed zkyp's ghost (experienced NaCK)
  6219 | Sewer    | Killed zkyp's ghost
  6259 | Sewer    | Acquired Dithmenos' third power
  6472 | D:6      | Reached skill level 7 in Stealth
  6472 | D:6      | Reached skill level 5 in Evocations
  6662 | D:7      | Reached XP level 9. HP: 62/62 MP: 16/16
  7314 | D:7      | Found Onuecs' Assorted Antiques.
  7805 | D:8      | Noticed Maurice
  8067 | D:8      | Reached skill level 8 in Stealth
  8621 | D:10     | Entered Level 10 of the Dungeon
  8978 | D:9      | Paralysed by a giant eyeball for 4 turns
  9522 | D:8      | Killed Maurice
  9522 | D:8      | Reached XP level 10. HP: 55/69 MP: 20/20
  9581 | D:9      | Reached skill level 9 in Stealth
 11438 | D:9      | Acquired Dithmenos' fourth power
 11475 | D:9      | Found a staircase to the Lair.
 11476 | D:9      | Noticed a wandering mushroom
 11476 | D:9      | Noticed a wandering mushroom
 11491 | D:9      | Killed a wandering mushroom
 11737 | D:9      | Noticed a manticore
 11868 | D:9      | Noticed a cyclops
 12389 | D:10     | Found a staircase to the Orcish Mines.
 12390 | D:10     | Found Ruulinat's Weapon Emporium.
 12414 | D:9      | Reached skill level 10 in Stealth
 13334 | D:10     | Reached XP level 11. HP: 47/77 MP: 22/22
 13913 | D:10     | Learned a level 2 spell: Stoneskin
 14482 | D:10     | Reached skill level 1 in Invocations
 14676 | Orc:1    | Entered Level 1 of the Orcish Mines
 14676 | Orc:1    | Found Waquk's Food Boutique.
 14683 | Orc:1    | Found Claiwk's General Store.
 14689 | Orc:1    | Reached skill level 1 in Earth Magic
 14987 | Orc:1    | Noticed an orc knight
 15034 | Orc:1    | Found Evvouzal's Magic Scroll Shoppe.
 15218 | Orc:3    | Found a staircase to the Elven Halls.
 15278 | Orc:1    | Reached skill level 1 in Spellcasting
 15523 | Orc:3    | Noticed Harold
 15530 | Orc:2    | Reached skill level 1 in Transmutations
 16475 | D:4      | Reached skill level 11 in Stealth
 16479 | D:4      | Bought the ring of Interdependent Arising {AC+4 Acc+6 Dam+4} for 1013 gold pieces
 17013 | D:11     | Paralysed by a centaur for 3 turns
 17168 | D:11     | Noticed a hill giant
 17176 | D:11     | Killed a hill giant
 17283 | D:11     | Paralysed by a giant eyeball for 2 turns
 17489 | D:11     | Found a staircase to the Lair.
 17873 | D:11     | the staircase to the Lair was a mimic.
 18336 | D:12     | Noticed a centaur warrior
 18344 | D:12     | Killed a centaur warrior
 18344 | D:12     | Reached XP level 12. HP: 16/84 MP: 24/24
 18676 | D:12     | Noticed a centaur warrior
 18687 | D:12     | Killed a centaur warrior
 19105 | D:12     | Lost mutation: You are dopey. (Int -2) [mutagenic meat]
 19106 | D:12     | Gained mutation: Your body is misshapen. [mutagenic meat]
 19107 | D:12     | Gained mutation: Your digestive system is specialised to digest meat. [mutagenic meat]
 19765 | D:12     | Reached skill level 12 in Stealth
 20157 | D:13     | Reached skill level 10 in Evocations
 20350 | D:13     | Gained mutation: You are covered in fur (AC +1). [mutagenic meat]
 20608 | Orc:3    | Killed from afar by Harold

Action                   |  1- 3 |  4- 6 |  7- 9 | 10-12 || total
-------------------------+-------+-------+-------+-------++-------
Melee: Unarmed           |    67 |   148 |   458 |   835 ||  1508
 Cast: Stoneskin         |       |       |       |     2 ||     2
Invok: Shadow Step       |       |       |       |     1 ||     1
Evoke: Wand              |       |     1 |    15 |    17 ||    33
       Box of beasts     |       |       |       |     3 ||     3
  Use: Potion            |     1 |     5 |    12 |    15 ||    33
       Scroll            |     1 |     7 |     2 |     8 ||    18
 Stab: Sleeping          |     6 |     4 |    44 |    52 ||   106
       Invisible         |       |     4 |       |       ||     4
       Distracted        |       |       |     2 |    10 ||    12
